 Dungeon Crawl Stone Soup version 0.31-a0-182-gc5ef74bbde (webtiles) character file.

Game seed: 17754495373209134732

256 qw the Chopper (level 6, 0/39 HPs)
             Began as a Gargoyle Fighter on June 20, 2023.
             Slain by a wight
             ... wielding a +0 falchion
              (1 damage)
             ... in a sewer.
             The game lasted 00:01:07 (2157 turns).

qw the Chopper (Gargoyle Fighter)                   Turns: 2157, Time: 00:01:07

Health: 0/39       AC: 11    Str: 22    XL:     6   Next: 16%
Magic:  0/6        EV:  9    Int:  8    God:
Gold:   166        SH:  4    Dex:  9    Spells: 5/5 levels left

rFire   + . .        Y - +0 war axe
rCold   . . .        c - +0 buckler
rNeg    + . .        b - +0 scale mail
rPois   inf          (no helmet)
rElec   +            (no cloak)
rCorr   .            (no gloves)
SInv    .            (no boots)
Will    .....        k - amulet of guardian spirit Stlth
                     e - ring of protection from fire
HPRegen 0.26/turn    (no ring)
MPRegen 0.10/turn

%: guardian spirit
@: no status effects
A: sickness immunity, AC +4, negative energy resistance 1, electricity
resistance, torment resistance 1, petrification resistance
a: no special abilities


You were in a sewer.
You visited 1 branch of the dungeon, and saw 3 of its levels.
You also visited: Sewer.

You collected 166 gold pieces.


Innate Abilities, Weirdness & Mutations

You are immune to sickness and miasma.
Your stone body is resilient. (AC +4)
You are immune to poison.
You resist negative energy. (rN+)
You are resistant to electric shocks. (rElec)
You are resistant to unholy torment.
You are immune to petrification.


   Skills:
 - Level 4.4 Fighting
 - Level 5.1 Axes
 - Level 3.2 Armour
 + Level 0.0 Dodging
 - Level 3.2 Shields


You had 5 spell levels left.
You didn't know any spells.
Your spell library was empty.

Inventory:

Hand Weapons
 i - a +0 whip
 Y - a +0 war axe (weapon)
Armour
 b - a +0 scale mail (worn)
 c - a +0 buckler (worn)
Jewellery
 e - a ring of protection from fire (left hand)
 k - an amulet of guardian spirit (around neck)
Scrolls
 f - a scroll of identify
Potions
 a - a potion of magic
 d - a potion of might
 h - a potion of resistance
 j - a potion of degeneration {unknown}

Dungeon Overview and Level Annotations

Branches:
Dungeon (3/15)              Sewer (1/1)

Altars:
Fedhas
Uskayaw

Annotations:
D:3 exclusions: 4 hobgoblins and kobold, qw's ghost, amateur NaHu


Message History

You slash the wight! The ufetubus hits you.
The ufetubus hits you but does no damage.
The shadow imp closely misses you. The wight closely misses you.
The phantom barely misses you. The ufetubus barely misses you.
The ufetubus closely misses you. The shadow imp barely misses you.
You miss the phantom.
The phantom is heavily damaged.
You closely miss the wight. You closely miss the ufetubus.
You slash the shadow imp!
You kill the shadow imp!
The ufetubus hits you but does no damage. x2
You block the wight's attack. The phantom hits you.
The phantom blinks!
You blink.
The phantom hits you.
You slash the phantom!
The phantom is almost destroyed.
The phantom hits you but does no damage.
You hit the phantom.
The phantom is almost destroyed.
The phantom hits you but does no damage.
You slash the phantom!
You destroy the phantom!
You closely miss the wight. You block the wight's attack.
Your Fighting skill increases to level 4!
You have reached level 6!
You closely miss the wight.
The wight is heavily damaged.
You barely miss the ufetubus. You block the ufetubus's attack.
The ufetubus hits you. The wight hits you but does no damage.
The ufetubus hits you but does no damage. x2
You block the wight's attack.
You hit the wight.
The wight is severely damaged.
You hit the ufetubus but do no damage. You block the ufetubus's attack.
The ufetubus hits you but does no damage. x2
The ufetubus hits you. The wight hits you with a +0 falchion.
You die...

#~~~~~~#.))~~~~~~~#
#~~~#~~~~~~#...#~~~~~~#
#~~~#~~~~~~~...#~~~~~~#
#~~~#~~~~~~#...#.~~~~~#
#~~~#~~~~~...~...~~~~~#
#~~.#~~~~..#~~~#..~~.~#
#~~~#......#~~~#......#
#~~~#'#######~#######+#
#~~~#....@z#)..#.....
#~.~~~..~~5.)......~~
#~~~#~~~~~~#)..#~~~~~
#############'#######
...# .}... ......'
}._.}.'. .......'.


You could see a wight and an ufetubus.

Vanquished Creatures
  A phantom (Sewer)
  A kobold brigand (Sewer)
  2 adders
  A shadow imp (Sewer)
  3 ufetubi (Sewer)
  2 adder zombies (Sewer)
  2 worms
  3 orcs (D:3)
  3 bats
  A bat zombie (Sewer)
  4 endoplasms
  6 giant cockroaches
  4 goblins
  3 hobgoblins
  3 quokkas
  5 ball pythons
  3 frilled lizards
  12 kobolds
  4 rats
63 creatures vanquished.

Notes
Turn   | Place    | Note
-------+----------+-------------------------------------------
     0 | D:1      | qw the Gargoyle Fighter began the quest for the Orb.
     0 | D:1      | Reached XP level 1. HP: 14/14 MP: 1/1
     0 | D:1      | 0 ||| qw: Version: 0.3-a-9-g12657ce
     0 | D:1      | 0 ||| qw: Game counter: 1400
     0 | D:1      | 0 ||| qw: Always use a shield: true
     0 | D:1      | 0 ||| qw: God list: Okawaru
     0 | D:1      | 0 ||| qw: Allow faded altars: false
     0 | D:1      | 0 ||| qw: Do Orc after D:15 true
     0 | D:1      | 0 ||| qw: Do second Lair branch before Depths: true
     0 | D:1      | 0 ||| qw: Lair rune preference: random
     0 | D:1      | 0 ||| qw: Plans: Normal, Zot:1-4, Slime:5, God:TSO, Crypt,
                  | Tomb, Abyss, Pan, Hells, Win
     0 | D:1      | 0 ||| PLANNING D:1-11
    86 | D:1      | HP: 2/14 [worm (8)]
    89 | D:1      | Reached skill level 2 in Axes
   190 | D:1      | Reached XP level 2. HP: 19/19 MP: 2/2
   376 | D:1      | 376 ||| Stepping ~*~*~tactically~*~*~ (stealth).
   389 | D:1      | 389 ||| DROPPING +0 club.
   449 | D:1      | Reached skill level 3 in Axes
   701 | D:1      | 701 ||| UPGRADING to amulet of guardian spirit.
   706 | D:1      | 706 ||| READING 2 scrolls labelled BOECITHRA BIETU.
   707 | D:1      | 707 ||| READING 2 scrolls labelled GOBLOZX LANYE.
   708 | D:1      | 708 ||| READING scroll labelled MYSAEWN PAHIE.
   717 | D:1      | 717 ||| DROPPING scroll of noise.
   892 | D:2      | Reached XP level 3. HP: 23/23 MP: 3/3
  1187 | D:2      | Found the +7 Throatcutter {drain, coup de grace}
  1412 | D:2      | 1412 ||| UPGRADING to ring of protection from fire.
  1413 | D:2      | 1413 ||| READING 2 scrolls of identify.
  1413 | D:2      | 1413 ||| IDENTIFYING silvery potion
  1458 | D:3      | 1458 ||| PLANNING SEWER
  1468 | D:3      | Noticed qw's ghost (amateur NaHu)
  1533 | D:3      | 1533 ||| Stepping ~*~*~tactically~*~*~ (stealth).
  1542 | D:3      | Found a blossoming altar of Fedhas.
  1568 | D:3      | 1568 ||| Stepping ~*~*~tactically~*~*~ (stealth).
  1598 | D:3      | 1598 ||| Stepping ~*~*~tactically~*~*~ (stealth).
  1600 | D:3      | 1600 ||| Stepping ~*~*~tactically~*~*~ (stealth).
  1640 | D:3      | 1640 ||| Stepping ~*~*~tactically~*~*~ (stealth).
  1641 | D:3      | 1641 ||| Stepping ~*~*~tactically~*~*~ (stealth).
  1642 | D:3      | 1642 ||| Stepping ~*~*~tactically~*~*~ (stealth).
  1664 | D:3      | 1664 ||| Stepping ~*~*~tactically~*~*~ (stealth).
  1668 | D:3      | 1668 ||| Stepping ~*~*~tactically~*~*~ (stealth).
  1689 | D:3      | Reached XP level 4. HP: 28/28 MP: 4/4
  1718 | D:3      | Found a hide-covered altar of Uskayaw.
  1731 | D:3      | 1731 ||| READING 2 scrolls of identify.
  1731 | D:3      | 1731 ||| IDENTIFYING ruby potion
  1774 | D:3      | Found a glowing drain.
  1827 | Sewer    | Entered a sewer
  1831 | Sewer    | 1831 ||| Stepping ~*~*~tactically~*~*~ (hiding).
  1832 | Sewer    | 1832 ||| Stepping ~*~*~tactically~*~*~ (hiding).
  1839 | Sewer    | Reached skill level 4 in Axes
  1912 | Sewer    | HP: 6/28 [ufetubus (2)]
  1917 | Sewer    | HP: 3/28 [ufetubus (1)]
  1921 | Sewer    | HP: 1/28 [ufetubus (2)]
  1923 | Sewer    | 1923 ||| FLEEEEING.
  1954 | Sewer    | 1954 ||| Stepping ~*~*~tactically~*~*~ (stealth).
  2124 | Sewer    | 2124 ||| Stepping ~*~*~tactically~*~*~ (hiding).
  2128 | Sewer    | Noticed a kobold brigand
  2134 | Sewer    | Noticed a phantom
  2146 | Sewer    | Killed a kobold brigand
  2147 | Sewer    | Reached skill level 5 in Axes
  2147 | Sewer    | Reached XP level 5. HP: 22/32 MP: 2/5
  2148 | Sewer    | Found an ancient bone altar of Kikubaaqudgha.
  2150 | Sewer    | HP: 8/32 [ufetubus (1)]
  2152 | Sewer    | HP: 2/32 [phantom (5)]
  2155 | Sewer    | Killed a phantom
  2156 | Sewer    | Reached XP level 6. HP: 3/39 MP: 0/6
  2157 | Sewer    | HP: 1/39 [ufetubus (1)]
  2157 | Sewer    | Slain by a wight

Levels and vault maps discovered:
D:1:      dpeg_arrival_long_road, layout_loops_ring, nicolae_wormholes
D:2:      layout_basic, st_stairs_14, kennysheep_boxes
D:3:      layout_basic, mainiacjoe_overflow_catwalk, mainiacjoe_overflow_paths,
          portal_sewer_entry_b, gammafunk_ghost_abyssal_escape,
          grunt_ministairs_4, kennysheep_generic_room_15
Sewer:    kennysheep_sewer_church

Skill      XL: |  1  2  3  4  5 |
---------------+----------------+-----
Axes           | 2 3 5 |  5.1
Fighting       | 4 |  4.4
Armour         | |  3.2
Shields        | |  3.2

Action                     |  1- 3 |  4- 6 || total
---------------------------+-------+-------++-------
  Melee: War axe           |    72 |   101 ||   173
  Throw: Boomerang         |    38 |    13 ||    51
    Use: Scroll            |     4 |     1 ||     5
 Armour: Scale mail        |    26 |   134 ||   160
  Dodge: Dodged            |    35 |   136 ||   171
  Block: Buckler           |    21 |    54 ||    75

Table legend:
 A = Non-vault XP
 B = Vault XP
 C = Vault XP percentage of total XP
 D = Non-vault monster count
 E = Vault monster count
 F = Vault count percentage of total count
                 A         B        C        D         E       F
            +---------+---------+-------+---------+---------+-------
      Total |      77 |     290 |  79.0 |      31 |      32 |  50.8
            +---------+---------+-------+---------+---------+-------
        D:1 |      26 |       5 |  16.1 |      15 |       1 |   6.2
        D:2 |      17 |       2 |  10.5 |       3 |       1 |  25.0
        D:3 |      34 |      13 |  27.7 |      13 |       7 |  35.0
      Sewer |       0 |     270 | 100.0 |       0 |      23 | 100.0
            +---------+---------+-------+---------+---------+-------
